 Dungeon Crawl Stone Soup version 0.31-a0-865-g3d5d91748a (webtiles) character file.

Game seed: 1446630598773817335

6752 ipx the Cleaver (level 11, -4/58 HPs)
             Began as a Vine Stalker Fighter on Oct 10, 2023.
             Was a Priest of Makhleb.
             Slain by Erolcha
             ... wielding a +8 giant club
              (29 damage)
             ... on level 9 of the Dungeon.
             The game lasted 00:42:42 (3275 turns).

ipx the Cleaver (Vine Stalker Fighter)              Turns: 3275, Time: 00:42:43

Health: -4/58      AC: 13    Str: 27    XL:     11   Next: 4%
Magic:  0/21       EV: 18    Int:  8    God:    Makhleb [***...]
Gold:   589        SH:  0    Dex: 14    Spells: 10/10 levels left

rFire   . . .        a - +4 battleaxe (freeze)
rCold   . . .        (shield currently unavailable)
rNeg    . . .        r - +5 ring mail "Foezxak" {+Inv MP+9}
rPois   .            w - +0 helmet
rElec   .            i - +0 cloak
rCorr   .            (no gloves)
SInv    .            C - +0 pair of boots
Will    +....        H - amulet of faith
Stlth   +            V - ring "Goiminy" {EV+5 Str+4}
HPRegen 1.09/turn    (no ring)
MPRegen 0.17/turn

%: guardian spirit, faith
@: no status effects
A: fangs 3, regeneration 1, magic shield, antimagic bite, no potion heal 2
a: Renounce Religion, Evoke Invisibility, Minor Destruction, Lesser Servant of
Makhleb


You were on level 9 of the Dungeon.
You worshipped Makhleb.
Makhleb was most pleased with you.
You visited 2 branches of the dungeon, and saw 11 of its levels.

You collected 589 gold pieces.

Inventory:

Hand Weapons
 a - a +4 battleaxe of freezing (weapon)
 b - a +1 whip of electrocution
 v - a +1 dire flail
Missiles
 g - 7 atropa-tipped darts (quivered)
 o - 9 boomerangs
 s - 7 poisoned darts
 A - a throwing net
Armour
 c - a +0 buckler
 d - a +2 ring mail of fire resistance
 i - a +0 cloak (worn)
 r - the +5 ring mail "Foezxak" (worn) {+Inv MP+9}
   (You found it on level 5 of the Dungeon)

   MP+9:      It affects your magic capacity (+9).
   +Inv:      It lets you turn invisible.
 w - a +0 helmet (worn)
 C - a +0 pair of boots (worn)
Jewellery
 B - a +6 ring of intelligence
 H - an amulet of faith (around neck)
 R - an amulet of regeneration
 V - the ring "Goiminy" (left hand) {EV+5 Str+4}
   (You acquired it on level 3 of the Dungeon)

   [ring of evasion]

   EV+5:      It affects your evasion (+5).
   Str+4:     It affects your strength (+4).
Wands
 l - a wand of charming (19)
 q - a wand of quicksilver (3)
Scrolls
 e - 2 scrolls of vulnerability
 j - a scroll of noise
 x - a scroll of revelation
 y - a scroll of teleportation
Potions
 f - a potion of cancellation
 h - a potion of haste
 k - a potion of mutation
 m - 4 potions of heal wounds
 n - 2 potions of curing
 p - a potion of lignification
 t - a potion of brilliance {unknown}
 u - a potion of resistance {unknown}
 z - a potion of might


   Skills:
 - Level 7.1 Fighting
 * Level 9.2 Axes
 - Level 2.4 Armour
 - Level 4.6 Dodging
 - Level 2.6 Shields
 + Level 8.8 Evocations


You had 10 spell levels left.
You didn't know any spells.
Your spell library contained the following spells:

 Spells                   Type           Power      Damage    Failure   Level
 Apportation              Tloc           0%         N/A       54%         1
 Slow                     Hex            0%         N/A       54%         1
 Blink                    Tloc           0%         N/A       67%         2
 Jinxbite                 Hex            0%         N/A       67%         2
 Lesser Beckoning         Tloc           0%         N/A       67%         2
 Momentum Strike          Conj/Tloc      0%         3d8       67%         2
 Sublimation of Blood     Necr           0%         N/A       67%         2
 Wereblood                Tmut           0%         N/A       67%         2
 Confusing Touch          Hex            0%         N/A       88%         3
 Sigil of Binding         Hex            0%         N/A       88%         3
 Tukima's Dance           Hex            0%         N/A       88%         3
 Vampiric Draining        Necr           0%         2d6       88%         3
 Passage of Golubria      Tloc           0%         N/A       99%         4
 Alistair's Intoxication  Tmut/Pois      0%         N/A       100%        5
 Yara's Violent Unravell  Hex/Tmut       0%         3d3       100%        5
 Malign Gateway           Summ/Tloc      0%         N/A       100%        7
 Summon Hydra             Summ           0%         N/A       100%        7
 Summon Horrible Things   Summ           0%         N/A       100%        8


Dungeon Overview and Level Annotations

Branches:
Dungeon (10/15)            Temple (1/1) D:6            Lair (0/5) D:8
    Orc (0/2) D:9

Altars:
Ashenzari
Cheibriados
Elyvilon
Fedhas
Gozag
Kikubaaqudgha
Makhleb
Nemelex Xobeh
Okawaru
Ru
Sif Muna
Trog
Vehumet
Wu Jian
Xom
Yredelemnul
Zin
The Shining One

Shops:
D:3 :(

Annotations:
D:3 3 runed translucent doors, Syrassil's ghost, amateur OgSh
D:8 1 runed translucent door, exclusion: downstairs, Tungsten's ghost, novice NaRe
D:9 Erolcha; Gastronok


Innate Abilities, Weirdness & Mutations

You have razor-sharp teeth.
Your natural rate of healing is unusually fast.
When hurt, damage is shared between your health and your magic reserves.
Your bite disrupts and absorbs the magic of your enemies.
Potions cannot restore your health.


Message History

You kill the orc!
Makhleb accepts your kill. The orc hits you but does no damage.
Things that are here:
a +0 mace; a +0 leather armour You barely miss the orc.
You bite the orc. You drain its power.
You feel invigorated.
The orc is lightly wounded.
The orc misses you.
You closely miss the orc. You bite the orc. You drain its power.
The orc is moderately wounded.
The orc hits you but does no damage.
You slice the orc!! You freeze the orc.
You kill the orc!
Makhleb accepts your kill.
An orc comes into view. It is wielding a +0 whip.
Erolcha the Cunning comes into view.
She is wielding a +8 giant club and carrying a wand of iceblast.
Erolcha shouts!
Erolcha gestures wildly while chanting.
Erolcha flickers and vanishes!
Deactivating autopickup; reactivate with Ctrl-A.
The orc completely misses you.
You hear a shout!
Something hits you!!
An orc comes into view. It is wielding a +0 trident.
You barely miss something. You bite something! You drain its magic.
You feel invigorated.
You slash the orc! You freeze the orc.
You kill the orc!
Makhleb accepts your kill.
You feel better. The orc barely misses you.
You miss something. Something hits you!! The orc misses you.
Press: ? - help, v - describe, . - travel The floor.
Unknown command.
Unknown command.
You miss something. The orc misses you.
You slash something! You freeze something. Your bite misses something.
Something hits you!!!
Ouch! That really hurt!
You die...

#.>.# .# ##...##
##.#####
####)###'####......#
#..)## ##)).#......#
#.8.# #)8.#......#
#...# #)..#......#
##.## ##.##......#
.. #...).....# ###
####@..#### #.{###
#...o #..... #......
#......# .......#
##......#


You could see an orc.

Vanquished Creatures
  A centaur warrior (D:8)
  A kobold demonologist (D:9)
  A hornet (D:9)
  Eustachio (D:6)
  8 yaks
  A vampire (D:9)
  2 steam dragons (D:9)
  Menkaure (D:4)
  2 orc warriors
  3 sky beasts (D:8)
  An ice beast (D:7)
  A centaur (D:8)
  3 bullfrogs
  A gnoll sergeant (D:8)
  3 scorpions
  14 wights
  12 killer bees
  A howler monkey (D:8)
  6 orc priests
  A jelly (D:6)
  6 hounds
  2 gnoll boudas
  2 iguanas (D:6)
  A sleepcap (D:3)
  18 orc wizards
  5 adders
  13 gnolls
  2 white imps
  An ufetubus (D:7)
  A worm (D:3)
  3 dart slugs
  49 orcs
  8 ball pythons
  4 endoplasms
  2 giant cockroaches
  2 goblins (D:2)
  8 hobgoblins
  4 jackals (D:3)
  3 kobolds
  3 quokkas
  A bat (D:1)
  A frilled lizard (D:1)
  3 rats
206 creatures vanquished.

Vanquished Creatures (collateral kills)
  Grum (D:9)
  A wolf (D:9)
2 creatures vanquished.

Vanquished Creatures (others)
  A killer bee (D:9)
1 creature vanquished.

Grand Total: 209 creatures vanquished

Notes
Turn   | Place    | Note
-------+----------+-------------------------------------------
     0 | D:1      | ipx the Vine Stalker Fighter began the quest for the Orb.
     0 | D:1      | Reached XP level 1. HP: 11/11 MP: 2/2
    21 | D:1      | Reached skill level 2 in Axes
    54 | D:1      | Reached XP level 2. HP: 16/16 MP: 3/3
   229 | D:1      | Reached skill level 3 in Axes
   369 | D:2      | Reached XP level 3. HP: 19/19 MP: 4/4
   419 | D:3      | Noticed a walking earthen tome
   419 | D:3      | Found Sustros's Book Shoppe.
   421 | D:3      | Noticed a walking earthen tome
   429 | D:3      | Reached XP level 4. HP: 21/23 MP: 3/5
   469 | D:3      | Reached skill level 4 in Axes
   512 | D:4      | Noticed Menkaure
   518 | D:4      | Killed Menkaure
   519 | D:4      | Reached skill level 5 in Axes
   519 | D:4      | Reached XP level 5. HP: 23/27 MP: 3/6
   528 | D:5      | Entered Level 5 of the Dungeon
   543 | D:4      | Identified a scroll of acquirement
   566 | D:3      | Reached XP level 6. HP: 30/32 MP: 7/7
   628 | D:3      | Found a runed translucent gate.
   628 | D:3      | Found a runed translucent gate.
   640 | D:3      | Noticed Syrassil's ghost (amateur OgSh)
   660 | D:3      | Acquired the ring "Goiminy" {EV+5 Str+4}
   670 | D:3      | Found a sparkling altar of Nemelex Xobeh.
   671 | D:3      | Found a runed translucent gate.
   680 | D:3      | Found a glowing silver altar of Zin.
   686 | D:3      | Found Laemm's Antique Weapon Shop.
   707 | D:4      | Reached skill level 6 in Axes
   760 | D:3      | Found a faded altar of an unknown god.
   930 | D:4      | Found a blossoming altar of Fedhas.
   956 | D:4      | Reached XP level 7. HP: 32/35 MP: 5/8
  1185 | D:6      | Noticed Eustachio
  1221 | D:5      | Reached skill level 1 in Evocations
  1376 | D:5      | Identified the +5 ring mail "Foezxak" {+Inv MP+9}
  1544 | D:5      | Found a sacrificial altar of Ru.
  1688 | D:6      | Found a glowing golden altar of the Shining One.
  1728 | D:6      | Gained mutation: You have razor-sharp teeth. [Vine Stalker
                  | growth]
  1728 | D:6      | Reached XP level 8. HP: 20/42 MP: 6/9
  1804 | D:6      | Found a staircase to the Ecumenical Temple.
  1813 | Temple   | Entered the Ecumenical Temple
  2015 | D:6      | Found a burning altar of Makhleb.
  2046 | D:6      | Became a worshipper of Makhleb the Destroyer
  2070 | D:6      | Killed Eustachio
  2071 | D:6      | Reached skill level 5 in Fighting
  2153 | D:10     | Entered Level 10 of the Dungeon
  2172 | D:9      | Found an ancient bone altar of Kikubaaqudgha.
  2185 | D:9      | Noticed a hornet
  2188 | D:9      | Killed a hornet
  2196 | D:9      | Reached XP level 9. HP: 33/50 MP: 10/10
  2216 | D:9      | Noticed Grum
  2235 | D:9      | Killed Grum
  2251 | D:8      | Reached skill level 5 in Evocations
  2310 | D:8      | Noticed a centaur warrior
  2326 | D:8      | Killed a centaur warrior
  2334 | D:8      | Reached * piety under Makhleb
  2397 | D:8      | Reached XP level 10. HP: 40/55 MP: 11/11
  2547 | D:7      | Reached skill level 7 in Axes
  2574 | D:8      | Reached ** piety under Makhleb
  2583 | D:8      | Found a runed translucent door.
  2583 | D:8      | Noticed Tungsten's ghost (novice NaRe)
  2727 | D:8      | Found an iron altar of Okawaru.
  2858 | D:8      | Found a staircase to the Lair.
  2976 | D:9      | Reached skill level 8 in Axes
  3057 | D:9      | Noticed Gastronok
  3070 | D:9      | Noticed a kobold demonologist
  3074 | D:9      | Noticed a sixfirhy
  3076 | D:9      | Killed a kobold demonologist
  3117 | D:10     | Reached *** piety under Makhleb
  3157 | D:10     | Reached skill level 9 in Axes
  3157 | D:10     | Reached XP level 11. HP: 58/58 MP: 12/12
  3188 | D:9      | Noticed a +0 dagger
  3188 | D:9      | Noticed a +0 dagger
  3210 | D:9      | Found a staircase to the Orcish Mines.
  3270 | D:9      | Noticed Erolcha
  3275 | D:9      | Slain by Erolcha

Illustrated notes

Levels and vault maps discovered:
D:1:      heliophobic_arrival_enchanted_forest, layout_loops_ring
D:2:      layout_loops_ring, uniq_jessica, uniq_natasha
D:3:      layout_rooms, marbit_many_paths, mainiacjoe_overflow_brackets,
          nemelex_xobeh_ov_fountains_minmay,
          chequers_ecumenical_altar_simple_redux, gammafunk_ghost_nasty_kobolds,
          serial_shops, shop, nicolae_shop_mannequins, columned_hall_lemuel
D:4:      layout_cave_pods, mainiacjoe_overflow_small_starburst, uniq_menkaure
D:5:      layout_gridville, old_standard_altar
D:6:      layout_basic, mainiacjoe_overflow_concentric_impassable,
          lemuel_tele_altar, mainiacjoe_overflow_alcove_4,
          minmay_temple_entry_slanted, uniq_eustachio
D:7:      layout_rooms, mainiacjoe_overflow_paths
D:8:      kennysheep_blocky_room, layout_basic, okawaru_trees_2,
          hellmonk_ghost_happy_afterlife
D:9:      layout_roguey, kiku_gazebo_garden_becter, dancing_weapons_uskayaw,
          hiddenorc2_lemuel, minmay_fractal_squares_gapless_5, uniq_grum,
          uniq_erolcha, uniq_gastronok
D:10:     layout_cave_pools, kennysheep_decorative_pillar
Temple:   hellmonk_temple_beads

Skill      XL: |  1  2  3  4  5  6  7  8  9 10 |
---------------+-------------------------------+-----
Axes           | 2 3 5 6 9 |  9.2
Fighting       | 4 7 |  7.1
Evocations     | 2 4 7 8 |  8.8
Dodging        | 4 |  4.6
Armour         | |  2.4
Shields        | |  2.6

Action                     |  1- 3 |  4- 6 |  7- 9 | 10-12 || total
---------------------------+-------+-------+-------+-------++-------
  Melee: War axe           |    44 |    96 |    17 |       ||   157
         Bite              |     7 |    16 |    64 |    48 ||   135
         Whip              |       |       |   143 |    17 ||   160
         Rapier            |       |       |    48 |    15 ||    63
         Battleaxe         |       |       |       |   156 ||   156
  Throw: Dart              |       |       |    15 |       ||    15
         Boomerang         |       |       |     1 |       ||     1
Ability: Evoke Invisibilit |       |       |       |     1 ||     1
  Evoke: Wand              |       |       |     8 |     2 ||    10
    Use: Scroll            |       |     4 |     5 |     4 ||    13
         Potion            |       |     1 |     3 |     1 ||     5
   Stab: Invisible         |       |       |     5 |     5 ||    10
 Armour: Scale mail        |    23 |    29 |       |       ||    52
         Chain mail        |       |    18 |       |       ||    18
         Ring mail         |       |     3 |   128 |   113 ||   244
  Dodge: Dodged            |    22 |    49 |   155 |   229 ||   455
  Block: Buckler           |    11 |    24 |    37 |     6 ||    78

Table legend: (Time is in decaauts)
 A = Elapsed time spent in this place.
 B = Non-inter-level travel time spent in this place.
 C = Inter-level travel time spent in this place.
 D = Time resting spent in this place.
 E = Time spent auto-exploring this place.
 F = Levels seen in this place.
 G = Mean time per level.
                   A        B        C        D        E       F      G
               +--------+--------+--------+--------+--------+-----+--------+
         Total |   3376 |   3288 |     88 |      0 |      0 |  11 |  306.9 |
       Dungeon |   3374 |   3286 |     88 |      0 |      0 |  10 |  337.4 |
        Temple |      1 |      1 |      0 |      0 |      0 |   1 |    1.0 |
               +--------+--------+--------+--------+--------+-----+--------+

Top non-repeatable levels by time:
     D:8: 538 daAuts
     D:6: 535 daAuts
     D:5: 478 daAuts
     D:9: 427 daAuts
     D:4: 405 daAuts
     D:1: 342 daAuts
     D:3: 275 daAuts
     D:7: 136 daAuts
     D:2: 129 daAuts
    D:10: 105 daAuts
  Temple: 1 daAuts
